 Dungeon Crawl Stone Soup version 0.15.0-16-gce31824 (webtiles) character file.

391 MDvedh the Chopper (level 6, -4/55 HPs)
             Began as a Deep Dwarf Fighter on Sept 6, 2014.
             Slain by an ogre
             ... wielding a +0 giant club
              (25 damage)
             ... on Level 4 of the Dungeon.
             The game lasted 00:05:12 (2931 turns).

MDvedh the Chopper (Deep Dwarf Fighter)             Turns: 2931, Time: 00:05:12

HP  -4/55        AC  9     Str 19      XL: 6   Next: 50%
MP   6/6         EV  6     Int  9      God:
Gold 122         SH  9     Dex 14      Spells:  0 memorised,  5 levels left

rFire  . . .     SeeInvis .     a - +1 war axe
rCold  . . .     Clarity  .     b - +0 scale mail
rNeg   . . .     rCorr    .     c - +0 shield
rPois  .         rRot     .     (no helmet)
rElec  .         Spirit   .     x - +1 cloak {MR+}
SustAb .         Warding  .     (no gloves)
rMut   .         Stasis   .     (no boots)
Gourm  .                        (no amulet)
MR     +....                    m - ring of wizardry
                                l - ring of stealth

@: non-regenerating, somewhat resistant to hostile enchantments, very unstealthy
A: damage resistance, recharge devices, sense surroundings 1, slow healing 3
a: Device Recharging


You were on level 4 of the Dungeon.
You were not hungry.

You visited 1 branch of the dungeon, and saw 4 of its levels.

You collected 122 gold pieces.

Inventory:

Hand weapons
 a - a +1 war axe (weapon)
Armour
 b - a +0 scale mail (worn)
 c - a +0 shield (worn)
 x - a +1 cloak of magic resistance (worn)
Magical devices
 d - a wand of heal wounds (6)
 t - a wand of flame (10)
Comestibles
 f - 2 bread rations
 g - a rotting chunk of orc flesh
 j - 4 meat rations
 k - 2 beef jerkies
 r - a royal jelly
Scrolls
 i - 2 scrolls of remove curse
 n - 2 scrolls of recharging
Jewellery
 l - a ring of stealth (left hand)
 m - a ring of wizardry (right hand)
Potions
 e - 2 potions of might
 s - 2 potions of agility
 z - 2 potions of curing {unknown}
 A - a potion of degeneration {unknown}
 B - a potion of poison {unknown}


   Skills:
 - Level 2.6 Fighting
 + Level 7.7 Axes
 - Level 3.2 Armour
 - Level 3.2 Shields


You had 5 spell levels left.
You didn't know any spells.

Dungeon Overview and Level Annotations

Branches:
Dungeon (4/15)             Temple (0/1) D:4

Altars:
Yredelemnul


Innate Abilities, Weirdness & Mutations

You are resistant to damage.
You can recharge devices by infusing magical energy.
You passively map a small area around you.
You do not heal naturally.


Message History

A hound is nearby!
A hound is nearby!
A hound is nearby!
An ogre comes into view. It is wielding a giant club.
You closely miss the hound. The hound bites you.
The hound bites you but does no damage.
You hit the hound.
The hound is lightly wounded.
The hound completely misses you. The hound bites you.
You hit the hound.
The hound is moderately wounded.
You block the hound's attack. The hound barely misses you.
You block the ogre's attack.
You hit the hound.
The hound is severely wounded.
The hound bites you.
You closely miss the hound.
The hound is severely wounded.
The hound bites you but does no damage. The ogre hits you with a giant club!!
You die...

###, . ##.#####' ,
..# . .. .........
,..##.##.##.##....( ,
#.#.........####)# ,
#................) ,
#.#..⌠...⌠..#...).
,,+.#.........#.....
,, ,
#h.....>..........
#+##@#....)....#..##+
#...O#..⌠...⌠..#..# ,
#.................#
+....#.........#..+ ,
,#+##'##.##.##.##..#
** ** ,
.............###, *
..............+,
,,...............#
.....)..........#


You could see an ogre and a hound.

Vanquished Creatures
  Sigmund (D:3)
  A hound (D:4)
  An orc priest (D:4)
  Crazy Yiuf (D:3)
  A gnoll shaman (D:4)
  An orc wizard (D:4)
  A worker ant (D:4)
  Terence (D:3)
  2 adders
  4 gnolls (D:4)
  2 worms
  An ooze (D:1)
  2 orcs
  8 bats
  3 giant cockroaches
  8 goblins
  8 hobgoblins
  A ball python (D:2)
  2 giant geckos
  4 giant newts
  10 kobolds
  2 quokkas
  11 rats
76 creatures vanquished.

Notes
Turn   | Place    | Note
--------------------------------------------------------------
     0 | D:1      | MDvedh, the Deep Dwarf Fighter, began the quest for the Orb.
     0 | D:1      | Reached XP level 1. HP: 20/20 MP: 1/1
   238 | D:1      | Reached XP level 2. HP: 24/27 MP: 2/2
   852 | D:2      | Reached XP level 3. HP: 14/33 MP: 3/3
   872 | D:2      | Reached skill level 4 in Axes
  1599 | D:2      | Found a basalt altar of Yredelemnul.
  1840 | D:3      | Noticed Sigmund
  1848 | D:3      | Reached XP level 4. HP: 18/40 MP: 4/4
  1868 | D:3      | Killed Sigmund
  1868 | D:3      | Reached skill level 5 in Axes
  1868 | D:3      | Reached XP level 5. HP: 21/46 MP: 5/5
  1940 | D:3      | Noticed Crazy Yiuf
  1943 | D:3      | Killed Crazy Yiuf
  1943 | D:3      | Reached skill level 6 in Axes
  2196 | D:3      | Noticed Terence
  2204 | D:3      | Killed Terence
  2809 | D:4      | Reached skill level 7 in Axes
  2809 | D:4      | Reached XP level 6. HP: 26/55 MP: 6/6
  2888 | D:4      | Found a staircase to the Ecumenical Temple.
  2926 | D:4      | Noticed an ogre
  2931 | D:4      | Slain by an ogre

Action                   |  1- 3 |  4- 6 || total
-------------------------+-------+-------++-------
Melee: War axe           |   170 |   141 ||   311
Evoke: Wand              |     1 |     4 ||     5
  Use: Scroll            |       |    10 ||    10
  Eat: Chunk             |     3 |     4 ||     7
